 Dungeon Sprint DCSS version 0.28.0-43-g3370ac3207 (webtiles) character file.

Game seed: 14392677687648452647

3528 boopmooplesden the Severer (level 9, -6/101 HPs)
             Began as a Minotaur Berserker on Mar 15, 2022.
             Was a High Priest of Trog.
             Mangled by an unseen horror (7 damage)
             ... in the Dungeon (Sprint I: "Red Sonja").
             The game lasted 00:02:16 (1306 turns).

boopmooplesden the Severer (Minotaur Berserker)     Turns: 1306, Time: 00:02:17

Health: -6/101     AC:  4    Str: 21    XL:     9   Next: 82%
Magic:  8/8        EV: 16    Int:  4    God:    Trog [*****.]
Gold:   291        SH:  0    Dex: 15    Spells: 8/8 levels left

rFire   . . .      SeeInvis .   a - +0 hand axe
rCold   + . .      Faith    .   (no shield)
rNeg    . . .      Spirit   .   i - +0 leather armour
rPois   .          Reflect  .   (helmet restricted)
rElec   .          Harm     .   (no cloak)
rCorr   +          Rampage  .   (no gloves)
Will    .....      NoTele   +   (no boots)
Stlth   +.........              (no amulet)
HPRegen 0.26/turn               n - ring of resist corrosion
MPRegen 0.11/turn               l - ring of protection from cold

@: on berserk cooldown, hasted and slowed
A: horns 2, retaliatory headbutt
a: Renounce Religion, Berserk, Trog's Hand, Brothers in Arms


You were in the Dungeon.
You worshipped Trog.
Trog was extremely pleased with you.
You visited 1 branch You collected 642 gold pieces.
You spent 351 gold pieces at shops.

Inventory:

Hand Weapons
 a - a +0 hand axe (weapon)
Missiles
 j - 2 javelins (quivered)
Armour
 b - a +0 animal skin
 i - a +0 leather armour (worn)
Jewellery
 l - a ring of protection from cold (right hand)
 n - a ring of resist corrosion (left hand)
Wands
 k - a wand of charming (10)
Scrolls
 h - a scroll of blinking
 m - a scroll of identify
Potions
 c - a potion of curing
 d - a potion of heal wounds
 f - 2 potions of magic
 g - a potion of berserk rage


   Skills:
 + Level 16.6 Fighting
 + Level 17.2 Axes
 + Level 9.6 Armour
 + Level 9.5 Dodging
 + Level 0.4 Stealth


You had 8 spell levels left.
You didn't know any spells.
Your spell library was empty.

Dungeon Overview and Level Annotations

Branches:
Dungeon (1/1)

Altars:
Cheibriados
Dithmenos
Elyvilon
Fedhas
Gozag
Hepliaklqana
Kikubaaqudgha
Makhleb
Nemelex Xobeh
Okawaru
Qazlal
Ru
Sif Muna
Trog
Uskayaw
Vehumet
Wu Jian
Xom
Yredelemnul
Zin
The Shining One
Jiyva
Lugonu

Shops:
D *


Innate Abilities, Weirdness & Mutations

You have a pair of horns on your head.
You reflexively headbutt those who attack you in melee.


Message History

Something barely misses you. Something hits you! Something hits you.
You closely miss something. Your headbutt misses something.
You closely miss something. Something barely misses you.
You miss something. You hit something. Something hits you but does no damage.
Something hits you!
You hit something. Trog accepts your kill.
Reactivating autopickup.
You feel a bit more experienced.
You hit something. Something barely misses you.
You feel a strong urge to attack something.
There is an open door, spattered with blood here.
You are no longer berserk.
You are exhausted.
You feel yourself slow down. Something hits you!
Deactivating autopickup; reactivate with Ctrl-A.
You hit something. Something hits you!
You miss something. Something hits you.
You miss something. Something hits you.
* * * LOW HITPOINT WARNING * * *
Something barely misses you.
Something hits you but does no damage. x2
There is an open door, spattered with blood here.
Something hits you.
* * * LOW HITPOINT WARNING * * *
Something hits you.
* * * LOW HITPOINT WARNING * * *
Something hits you.
* * * LOW HITPOINT WARNING * * *
There is an open door, spattered with blood here.
You closely miss something. Your headbutt misses something. Something hits you.
* * * LOW HITPOINT WARNING * * *
Something hits you!
* * * LOW HITPOINT WARNING * * *
You hit something but do no damage. Something barely misses you.
Something hits you.
* * * LOW HITPOINT WARNING * * *
You feel yourself speed up. Something hits you.
* * * LOW HITPOINT WARNING * * *
Something hits you!
You die...

.'..._#≈≈≈§§#§.#
##_.#'##+#####'###
###+#.# #.'.# #
### ###.# #†#
##########.#
#......§##.#
#.....§.§§§#
#+++######@# #{#
+{# ###


There were no monsters in sight!

Vanquished Creatures
  2 centaur warriors (D)
  An oklob plant (D)
  2 kobold demonologists (D)
  An unseen horror (D)
  A hornet (D)
  A slime creature (D)
  Sigmund (D)
  A yak (D)
  2 redbacks (D)
  A floating eye (D)
  An ogre (D)
  A jelly (D)
  Ijyb (D)
16 creatures vanquished.

Notes
Turn   | Place    | Note
-------+----------+-------------------------------------------
     0 | D        | boopmooplesden the Minotaur Berserker began the quest for
                  | the Orb.
     0 | D        | Reached XP level 1. HP: 19/19 MP: 0/0
     1 | D        | Noticed Ijyb
     2 | D        | Paralysed by Ijyb for 5 turns
    14 | D        | Killed Ijyb
    15 | D        | Reached skill level 5 in Fighting
    15 | D        | Reached skill level 5 in Axes
    15 | D        | Reached XP level 2. HP: 23/29 MP: 1/1
   150 | D        | Noticed an ogre
   154 | D        | Killed an ogre
   155 | D        | Reached skill level 8 in Axes
   155 | D        | Reached XP level 3. HP: 39/39 MP: 2/2
   155 | D        | Reached XP level 4. HP: 47/47 MP: 3/3
   163 | D        | Noticed Sigmund
   168 | D        | Killed Sigmund
   168 | D        | Reached ** piety under Trog
   169 | D        | Reached skill level 10 in Axes
   169 | D        | Reached skill level 5 in Armour
   169 | D        | Reached skill level 5 in Dodging
   169 | D        | Reached XP level 5. HP: 58/58 MP: 4/4
   221 | D        | Found a burning altar of Makhleb.
   221 | D        | Found a viscous altar of Jiyva.
   221 | D        | Found a shimmering altar of Xom.
   221 | D        | Found a corrupted altar of Lugonu.
   221 | D        | Noticed a slime creature
   227 | D        | Killed a slime creature
   228 | D        | Reached skill level 11 in Axes
   228 | D        | Reached XP level 6. HP: 68/68 MP: 5/5
   271 | D        | Noticed a kobold demonologist
   271 | D        | Noticed a floating eye
   272 | D        | Noticed a smoke demon
   272 | D        | Noticed a kobold demonologist
   273 | D        | Paralysed by a floating eye for 3 turns
   277 | D        | Killed a floating eye
   278 | D        | Reached skill level 12 in Axes
   278 | D        | Reached XP level 7. HP: 74/74 MP: 6/6
   278 | D        | Killed a kobold demonologist
   278 | D        | Reached *** piety under Trog
   279 | D        | Reached skill level 13 in Axes
   282 | D        | Noticed a hellwing
   283 | D        | Killed a kobold demonologist
   284 | D        | Reached XP level 8. HP: 86/86 MP: 7/7
   323 | D        | Found an ornate altar of the Wu Jian Council.
   323 | D        | Found a shimmering blue altar of Sif Muna.
   325 | D        | Found a radiant altar of Vehumet.
   334 | D        | Reached skill level 14 in Axes
   503 | D        | Found Xehi Tano's General Store.
   503 | D        | Found an ancient bone altar of Kikubaaqudgha.
   503 | D        | Found a hazy altar of Hepliaklqana.
   503 | D        | Found a hide-covered altar of Uskayaw.
   503 | D        | Found a basalt altar of Yredelemnul.
   503 | D        | Found an opulent altar of Gozag.
   503 | D        | Found a snail-covered altar of Cheibriados.
   503 | D        | Found a sacrificial altar of Ru.
   503 | D        | Found a shadowy altar of Dithmenos.
   520 | D        | Reached **** piety under Trog
   521 | D        | Found a stormy altar of Qazlal.
   521 | D        | Found a blossoming altar of Fedhas.
   521 | D        | Found a bloodstained altar of Trog.
   521 | D        | Found an iron altar of Okawaru.
   521 | D        | Found a glowing golden altar of the Shining One.
   521 | D        | Found a glowing silver altar of Zin.
   521 | D        | Found a white marble altar of Elyvilon.
   522 | D        | Found a sparkling altar of Nemelex Xobeh.
   526 | D        | Bought a ring of protection from cold for 325 gold pieces
   526 | D        | Bought a scroll of identify for 26 gold pieces
   596 | D        | Noticed a centaur warrior
   596 | D        | Noticed a centaur warrior
   605 | D        | Killed a centaur warrior
   606 | D        | Reached skill level 15 in Axes
   609 | D        | Killed a centaur warrior
   610 | D        | Reached skill level 15 in Fighting
   610 | D        | Reached skill level 16 in Axes
   610 | D        | Reached XP level 9. HP: 29/97 MP: 8/8
   978 | D        | Noticed an oklob plant
   984 | D        | Killed an oklob plant
  1129 | D        | Reached ***** piety under Trog
  1130 | D        | Reached skill level 17 in Axes
  1293 | D        | Killed an unseen horror
  1306 | D        | HP: 1/101 [something (6)]
  1306 | D        | Mangled by an unseen horror

Illustrated notes

Levels and vault maps discovered:
D:        dungeon_sprint_1 [red_sonja_temple_1, red_sonja_temple_small_1]

Skill      XL: |  1  2  3  4  5  6  7  8  9 |
---------------+----------------------------+-----
Fighting       | 5 7 9 11 13 15 16 | 16.6
Axes           | 5 8 10 11 12 13 16 17 | 17.2
Armour         | 3 4 5 6 7 8 9 |  9.6
Dodging        | 3 4 5 6 7 8 9 |  9.5
Stealth        | |  0.4

Action                   |  1- 3 |  4- 6 |  7- 9 || total
-------------------------+-------+-------+-------++-------
Melee: Hand axe          |    11 |     9 |    66 ||    86
       Headbutt          |       |     2 |    15 ||    17
       Punch             |       |       |     2 ||     2
Invok: Berserk           |     1 |     3 |     5 ||     9
  Use: Potion            |       |       |     1 ||     1
Armor: Leather armour    |       |     2 |     7 ||     9
Dodge: Dodged            |     7 |     2 |    33 ||    42
